 Dungeon Crawl Stone Soup version 0.28-a0-69-g49dcd67cf8 (webtiles) character file.

Game seed: 284645821164154819

2831 Yggy the Thrower (level 9, -1/43 HPs)
             Began as a Spriggan Brigand on July 30, 2021.
             Was a Believer of Okawaru.
             Slain by Harold (18 damage)
             ... on level 7 of the Dungeon on July 31, 2021.
             The game lasted 01:21:36 (9262 turns).

Yggy the Thrower (Spriggan Brigand)                 Turns: 9262, Time: 01:21:37

Health: -1/43      AC:  6    Str:  7    XL:     9   Next: 45%
Magic:  10/10      EV: 24    Int: 13    God:    Okawaru [**....]
Gold:   272        SH:  0    Dex: 25    Spells: 8/8 levels left

rFire   . . .      SeeInvis +   H - +7 arbalest "Qeuris" {speed, rC+ rN+}
rCold   + + .      Faith    .   (shield currently unavailable)
rNeg    + . .      Spirit   .   j - +2 robe {rC+}
rPois   .          Reflect  .   (helmet restricted)
rElec   .          Harm     .   Q - +1 cloak
rCorr   .          Rampage  .   (gloves unavailable)
Will    +....                   (boots unavailable)
Stlth   ++++......              (no amulet)
HPRegen 0.14/turn               k - +6 ring of dexterity
MPRegen 0.12/turn               o - +4 ring of evasion

@: marked, very quick
A: very small, no large weapons, unfitting armour, see invisible, speed 3
a: Renounce Religion, Heroism


You were on level 7 of the Dungeon.
You worshipped Okawaru.
Okawaru was pleased with you.
You visited 2 branches of the dungeon, and saw 8 of its levels.

You collected 524 gold pieces.
You spent 252 gold pieces at shops.

Inventory:

Hand Weapons
 f - a +0 dagger of holy wrath
 t - a +7 spear of venom
 H - the +7 arbalest "Qeuris" (weapon) {speed, rC+ rN+}
   (You found it on level 4 of the Dungeon)

   Attacks with this weapon are significantly faster.
   rC:        It protects you from cold.
   rN:        It protects you from negative energy.
 L - a +2 vorpal long sword
Missiles
 d - a boomerang
 h - 313 stones
 q - 32 sling bullets
 s - 30 poisoned darts
 y - 46 arrows
 F - 12 bolts (quivered ammo)
 N - 5 silver boomerangs
 O - 6 atropa-tipped darts
Armour
 j - a +2 robe of cold resistance (worn)
 Q - a +1 cloak (worn)
Magical Staves
 n - a staff of conjuration
 r - a staff of poison
Jewellery
 i - a ring of positive energy
 k - a +6 ring of dexterity (left hand)
 l - a ring of ice
 o - a +4 ring of evasion (right hand)
 A - a ring of ice
Wands
 G - a wand of acid (11)
 J - a wand of digging (4)
 M - a wand of mindburst (18)
Scrolls
 p - 2 scrolls of teleportation
 z - a scroll of enchant weapon {unknown}
 I - a scroll of fog {unknown}
Potions
 g - 4 potions of curing
 w - a potion of invisibility
 B - a potion of berserk rage
 D - a potion of brilliance
 E - a potion of flight
 K - 2 potions of heal wounds


   Skills:
 + Level 2.6 Fighting
 + Level 3.0 Short Blades
 + Level 2.0 Polearms
 * Level 6.3(9.3) Slings
 + Level 5.2 Crossbows
 * Level 8.9(9.5) Throwing
 + Level 4.1 Dodging
 + Level 6.8 Stealth
 + Level 0.3 Shields


You had 8 spell levels left.
You didn't know any spells.
Your spell library contained the following spells:

 Spells                   Type           Power      Damage    Failure   Level
 Slow                     Hex            0%         N/A       43%         2
 Confusing Touch          Hex            0%         N/A       67%         3
 Conjure Flame            Conj/Fire      0%         6-21      67%         3
 Ignite Poison            Fire/Tmut/Pois 0%         N/A       67%         3
 Vampiric Draining        Necr           0%         2d6       67%         3
 Sticky Flame             Conj/Fire      0%         2d3       97%         4


Dungeon Overview and Level Annotations

Branches:
Dungeon (7/15)             Temple (1/1) D:6

Altars:
Dithmenos
Elyvilon
Fedhas
Hepliaklqana
Kikubaaqudgha
Makhleb
Nemelex Xobeh
Okawaru
Qazlal
Ru
Sif Muna
Trog
Uskayaw
Vehumet
Wu Jian
Xom
The Shining One

Shops:
D:7 [:(*

Annotations:
D:7 Harold


Innate Abilities, Weirdness & Mutations

You are very small and have problems with some larger weapons.
You are too small for most types of armour.
You have supernaturally acute eyesight. (SInv)
You cover ground extremely quickly. (Speed+++)


Message History

Aim: Harold, wielding a +0 hand axe of electrocution, wearing a +1 scale mail of fire resistance and quivering 3 throwing nets (asleep, 98% to hit)
Aiming: Corrosive Bolt
Press: ? - help, Shift-Dir - straight line, f - you
Okay, then.
You shoot a bolt. The bolt hits Harold!
Harold shouts!
Harold is moderately wounded.
You shoot a bolt. The bolt hits Harold!
Harold is moderately wounded.
You shoot a bolt.
The bolt hits Harold but does no damage.
Harold is moderately wounded.
You shoot a bolt. The bolt closely misses Harold.
Harold throws a throwing net.
The throwing net completely misses you.
Aiming: Corrosive Bolt
Press: ? - help, Shift-Dir - straight line, f/p - Harold
Aim: Harold, wielding a +0 hand axe of electrocution, wearing a +1 scale mail of fire resistance and quivering 2 throwing nets (moderately wounded, 83% to hit)
The bolt of acid hits Harold.
Harold is splashed with acid.
The acid corrodes Harold!
Harold is heavily wounded.
Harold gestures at you while chanting. A sentinel's mark forms upon you.
Aiming: Corrosive Bolt
Press: ? - help, Shift-Dir - straight line, f/p - Harold
Aim: Harold, wielding a +0 hand axe of electrocution, wearing a +1 scale mail of fire resistance and quivering 2 throwing nets (heavily wounded, covered in acid, 83% to hit)
The bolt of acid hits Harold!
Harold is splashed with acid.
Harold is severely wounded.
You shoot a bolt. The bolt hits Harold!
Harold is almost dead.
Harold fires a harpoon shot at you. The harpoon shot hits you!
You are yanked forward by the harpoon shot.
You shoot a bolt. The bolt completely misses Harold.
Harold hits you with a +0 hand axe of electrocution!
You shoot a bolt.
The bolt hits Harold but does no damage.
Harold is almost dead.
Harold hits you with a +0 hand axe of electrocution!
You are electrocuted!!
You die...

......................,,,,**
........#.........######***
##.....###........#*##..**
##......#.....##.###....,**
...........#..##.#......,,**
..#........##.#.........,,,*
...###..#...............,,,*
...##...#...............,,**
....##..#..(....@@.(((.(,,*
........................,,*
.#8.8.................##,,*
8........<......###.##...#*
..........#.....#........#
.......8..##.#......##...#
...........#............#*
...........#..#.#.#.#...#
...............⌠.∩.⌠....###


You could see Harold (corroded).

Vanquished Creatures
  A two-headed ogre (D:7)
  An acid dragon (D:7)
  3 water moccasins
  2 ice beasts
  A sky beast (D:4)
  2 ogres
  2 necrophages (D:5)
  2 phantoms
  A gnoll sergeant (D:6)
  A scorpion (D:4)
  A water moccasin zombie (D:6)
  2 wyvern skeletons
  A centaur zombie (D:7)
  A howler monkey (D:4)
  2 bullfrog zombies
  A jelly (D:5)
  An orc priest (D:5)
  2 hounds
  A gnoll shaman (D:7)
  An iguana (D:6)
  Crazy Yiuf (D:7)
  2 orc wizards (D:5)
  A killer bee zombie (D:6)
  A hound skeleton (D:4)
  Robin (D:2)
  10 adders
  7 gnolls
  A shadow imp (D:6)
  A white imp (D:6)
  An ufetubus (D:6)
  2 adder skeletons (D:4)
  3 worms (D:2)
  4 dart slugs
  13 orcs
  8 ball pythons
  10 endoplasms
  A giant cockroach (D:4)
  11 goblins
  11 hobgoblins
  2 jackals (D:1)
  8 quokkas
  8 bats
  A frilled lizard (D:2)
  8 kobolds
  9 rats
154 creatures vanquished.

Notes
Turn   | Place    | Note
-------+----------+-------------------------------------------
     0 | D:1      | Yggy the Spriggan Brigand began the quest for the Orb.
     0 | D:1      | Reached XP level 1. HP: 10/10 MP: 2/2
     0 | D:1      | Noticed a draconian
     1 | D:1      | Noticed a vine stalker
     3 | D:1      | Noticed an ogre
     5 | D:1      | Noticed a djinni
     6 | D:1      | Noticed a tengu
     7 | D:1      | Noticed a demigod
     8 | D:1      | Noticed a vine stalker
     9 | D:1      | Noticed a demonspawn
    11 | D:1      | Noticed a barachi
    13 | D:1      | Noticed a dwarf
    15 | D:1      | Noticed a human
    17 | D:1      | Noticed a vampire
    17 | D:1      | Noticed a draconian
    19 | D:1      | Noticed a human
    21 | D:1      | Noticed a spriggan
   340 | D:1      | Reached XP level 2. HP: 9/14 MP: 3/3
   729 | D:1      | Found a faded altar of an unknown god.
   870 | D:1      | Reached skill level 1 in Slings
  1075 | D:1      | Reached XP level 3. HP: 18/18 MP: 4/4
  1700 | D:2      | Reached skill level 3 in Throwing
  2087 | D:2      | Reached XP level 4. HP: 22/22 MP: 5/5
  2372 | D:2      | Noticed Robin
  2407 | D:2      | Killed Robin
  2909 | D:3      | Reached XP level 5. HP: 25/25 MP: 6/6
  3474 | D:4      | Found a hazy altar of Hepliaklqana.
  3598 | D:4      | Reached skill level 4 in Throwing
  3914 | D:4      | Noticed a phantom
  3970 | D:4      | You fall into a shaft and drop 3 floors!
  3972 | D:7      | Found Acruunikh's Armour Shoppe.
  3975 | D:7      | Found Bosuclyu's Weapon Shoppe.
  3976 | D:7      | Found Bok Sezo's Book Shoppe.
  3977 | D:7      | Found Afraqium's General Store.
  4021 | D:7      | Bought a scroll of teleportation for 42 gold pieces
  4021 | D:7      | Bought 14 poisoned darts for 78 gold pieces
  4060 | D:7      | Noticed a +0 falchion
  4061 | D:7      | Noticed a +0 falchion
  4061 | D:7      | Noticed a +0 spear
  4062 | D:7      | Noticed a +0 dagger
  4062 | D:7      | Noticed a +0 spear
  4062 | D:7      | Noticed a +0 dagger
  4063 | D:7      | Noticed a +0 short sword
  4292 | D:6      | Reached XP level 6. HP: 25/30 MP: 7/7
  4328 | D:6      | Reached skill level 5 in Throwing
  4589 | D:6      | Found an iron altar of Okawaru.
  4615 | D:5      | Entered Level 5 of the Dungeon
  4624 | D:5      | Noticed a water moccasin
  4852 | D:5      | Noticed an ice beast
  4877 | D:5      | Killed an ice beast
  4935 | D:4      | Identified the +7 arbalest "Qeuris" {speed, rC+ rN+}
  5087 | D:4      | Reached XP level 7. HP: 34/34 MP: 8/8
  5112 | D:4      | Reached skill level 6 in Throwing
  5219 | D:4      | Reached skill level 1 in Crossbows
  5866 | D:5      | Found a radiant altar of Vehumet.
  5894 | D:5      | Reached XP level 8. HP: 35/39 MP: 9/9
  6452 | D:5      | Found a sparkling altar of Nemelex Xobeh.
  6452 | D:5      | Found a transporter.
  6452 | D:5      | Noticed a troll
  6695 | D:5      | Reached skill level 5 in Slings
  6778 | D:6      | Became a worshipper of Warmaster Okawaru
  6865 | D:6      | Found a staircase to the Ecumenical Temple.
  6875 | Temple   | Entered the Ecumenical Temple
  7322 | D:6      | Found a burning altar of Makhleb.
  7322 | D:6      | Noticed an Executioner
  7409 | D:6      | Found an ornate altar of the Wu Jian Council.
  7593 | D:6      | Reached skill level 5 in Crossbows
  7734 | D:6      | Found a shimmering altar of Xom.
  7838 | D:7      | Reached skill level 1 in Polearms
  7892 | D:7      | Reached * piety under Okawaru
  7893 | D:7      | Reached skill level 7 in Throwing
  8246 | D:7      | Noticed Harold
  8259 | D:7      | Bought 5 silver boomerangs for 82 gold pieces
  8263 | D:7      | Bought 6 atropa-tipped darts for 50 gold pieces
  8501 | D:7      | Noticed a two-headed ogre
  8552 | D:7      | Killed a two-headed ogre
  8552 | D:7      | Reached ** piety under Okawaru
  8553 | D:7      | Reached skill level 8 in Throwing
  8553 | D:7      | Reached XP level 9. HP: 43/43 MP: 10/10
  9124 | D:7      | Found a runed translucent door.
  9125 | D:7      | Noticed Crazy Yiuf
  9130 | D:7      | Killed Crazy Yiuf
  9226 | D:7      | Noticed a +0 short sword
  9231 | D:7      | Found a hide-covered altar of Uskayaw.
  9262 | D:7      | Slain by Harold

Illustrated notes

Levels and vault maps discovered:
D:1:      shiori_arrival_whats_in_store_for_you, layout_loops_corners,
          ebering_ecumenical_altar_rust, hangedman_abyss_or_decor_lesser_grid,
          minmay_hexomino_p4
D:2:      layout_rooms, minmay_circle_x, uniq_robin
D:3:      layout_loops_ring
D:4:      layout_basic, mainiacjoe_overflow_concentric_impassable,
          minmay_starry_boxes
D:5:      layout_layer_cave, mainiacjoe_overflow_tiny_flanked,
          grunt_nemelex_the_gamble, minmay_a_box_with_orc_wizards_in_it
D:6:      layout_cave_pools, makhleb_altar_promises_db, okawaru_trees_1,
          tgw_xom, pdpol_wu_jian_five_deadly_venoms,
          minmay_temple_entry_poolview
D:7:      layout_cave_pools, nicolae_uskayaw_en_pointe, serial_column_ruins,
          column_ruins_hut, column_ruins_circle_medium,
          column_ruins_columns_corner, column_ruins_corridor_corner,
          column_ruins_columns_corner, column_ruins_corridor_corner,
          column_ruins_open_small, column_ruins_open_small, ldierk_geyser,
          minmay_shop_grid_forest, minmay_misc_feat_plants, grunt_ministairs_2,
          small_statue_intersection, minmay_between, uniq_crazy_yiuf_cottage,
          uniq_harold
Temple:   jpeg_temple_island

Skill      XL: |  1  2  3  4  5  6  7  8  9 |
---------------+----------------------------+-----
Stealth        | 6 |  6.8
Slings         | 1 3 4 6 |  6.3
Throwing       | 3 4 5 6 8 |  8.9
Dodging        | 2 3 4 |  4.1
Short Blades   | 3 |  3.0
Crossbows      | 3 5 |  5.2
Fighting       | 2 |  2.6
Polearms       | 1 2 |  2.0
Shields        | |  0.3

Action                   |  1- 3 |  4- 6 |  7- 9 || total
-------------------------+-------+-------+-------++-------
Melee: Dagger            |    53 |    51 |       ||   104
       Spear             |       |    15 |    50 ||    65
 Fire: Arbalest          |       |     5 |   119 ||   124
Throw: Dart              |    93 |    59 |    79 ||   231
       Stone             |    13 |    27 |       ||    40
       Boomerang         |       |   147 |    10 ||   157
Evoke: Wand              |       |       |     3 ||     3
  Use: Scroll            |     4 |     9 |     3 ||    16
       Potion            |       |     1 |     2 ||     3
 Stab: Sleeping          |       |     1 |       ||     1
Armor: Robe              |    11 |    12 |     8 ||    31
Dodge: Dodged            |    57 |   105 |    86 ||   248
Block: Buckler           |       |     9 |       ||     9

Table legend: (Time is in decaauts)
 A = Elapsed time spent in this place.
 B = Non-inter-level travel time spent in this place.
 C = Inter-level travel time spent in this place.
 D = Time resting spent in this place.
 E = Time spent auto-exploring this place.
 F = Levels seen in this place.
 G = Mean time per level.
                   A        B        C        D        E       F      G
               +--------+--------+--------+--------+--------+-----+--------+
         Total |   6667 |   6330 |    337 |   1184 |   2409 |   8 |  833.4 |
       Dungeon |   6493 |   6169 |    324 |   1184 |   2261 |   7 |  927.6 |
        Temple |    173 |    161 |     12 |      0 |    147 |   1 |  173.0 |
               +--------+--------+--------+--------+--------+-----+--------+

Top non-repeatable levels by time:
     D:7: 1192 daAuts
     D:1: 1106 daAuts
     D:4: 1010 daAuts
     D:6: 956 daAuts
     D:2: 883 daAuts
     D:5: 867 daAuts
     D:3: 478 daAuts
  Temple: 173 daAuts
